PL
WIZARDING EXPRESS @ BOSTON PATRIOTS
07/29/2026
 
TOP OF THE 1ST
Wizarding Express batting - Pitching for Boston Patriots : RHP Jorge Aguirre
Pitching: RHP Jorge Aguirre
Batting: RHB Chi-ju Zhang 0-0: Foul Ball, location: 2F
0-1: Swinging Strike
0-2: Ball
1-2: Strikes out swinging
Batting: RHB Cole Shaffer 0-0: Foul Ball, location: 2F
0-1: Ball
1-1: Called Strike
1-2: Ball
2-2: Ball
3-2: Ground out U3 (Groundball, 34)
Batting: LHB Nathan Tanner 0-0: Called Strike
0-1: SINGLE (Line Drive, 9LS)
Batting: LHB Kyung-chor Pang 0-0: Ball
1-0: Fly out, F9 (Line Drive, 89M)
Top of the 1st over - 0 run(s), 1 hit(s), 0 error(s), 1 left on base; Wizarding 0 - Boston 0
BOTTOM OF THE 1ST
Boston Patriots batting - Pitching for Wizarding Express : RHP Sid Brown
Pitching: RHP Sid Brown
Batting: RHB Brent Ryan 0-0: Ball
1-0: Ball
2-0: Fly out, F6 (Popup, 5D)
Batting: RHB Tommy Jones 0-0: Ball
1-0: Called Strike
1-1: Ball
2-1: Foul Ball, location: 2F
2-2: Ball
3-2: Base on Balls
Batting: LHB Ki-tak Im 0-0: Grounds into double play, 4-6-3 (Groundball, 4)
Bottom of the 1st over - 0 run(s), 0 hit(s), 0 error(s), 0 left on base; Wizarding 0 - Boston 0
TOP OF THE 2ND
Wizarding Express batting - Pitching for Boston Patriots : RHP Jorge Aguirre
Batting: RHB Ed Whitaker 0-0: Ball
1-0: Called Strike
1-1: Ball
2-1: Ball
3-1: Foul Ball, location: 2F
3-2: Foul Ball, location: 2F
3-2: Foul Ball, location: 2F
3-2: Strikes out swinging
Batting: LHB Júlio Valentín 0-0: Swinging Strike
0-1: Called Strike
0-2: Foul Ball, location: 2F
0-2: Foul Ball, location: 2F
0-2: Strikes out swinging
Batting: RHB Steve Dunn 0-0: Ball
1-0: Called Strike
1-1: Called Strike
1-2: Ball
2-2: Foul Ball, location: 2F
2-2: Ground out 1-3 (Groundball, 13S)
Top of the 2nd over - 0 run(s), 0 hit(s), 0 error(s), 0 left on base; Wizarding 0 - Boston 0
BOTTOM OF THE 2ND
Boston Patriots batting - Pitching for Wizarding Express : RHP Sid Brown
Batting: RHB Miguel Márquez 0-0: Called Strike
0-1: Foul Ball, location: 2F
0-2: Foul Ball, location: 2F
0-2: Foul Ball, location: 2F
0-2: Foul Ball, location: 2F
0-2: Strikes out looking
Batting: RHB Terry Armstrong 0-0: Ball
1-0: Ball
2-0: Ball
3-0: Called Strike
3-1: Base on Balls
Batting: RHB Karl Schultz 0-0: Ball
1-0: Swinging Strike
1-1: Ball
2-1: Ball
3-1: Base on Balls
Terry Armstrong to second
Batting: LHB Bill Chambers 0-0: SINGLE (Groundball, 5S) (infield hit)
Terry Armstrong to third
Karl Schultz to second
Batting: LHB Timmy Appeldoorn 0-0: Called Strike
0-1: Foul Ball, location: 2F
0-2: Strikes out swinging
Batting: RHB Gabriel Maldonado 0-0: Ball
1-0: Swinging Strike
1-1: Fly out, F6 (Line Drive, 6M)
Bottom of the 2nd over - 0 run(s), 1 hit(s), 0 error(s), 3 left on base; Wizarding 0 - Boston 0
TOP OF THE 3RD
Wizarding Express batting - Pitching for Boston Patriots : RHP Jorge Aguirre
Batting: RHB Rafael Arredondo 0-0: Foul Ball, location: 2F
0-1: Swinging Strike
0-2: Ground out 6-3 (Groundball, 6M)
Batting: RHB Wu Le 0-0: Ball
1-0: Ground out 6-3 (Groundball, 6S)
Batting: RHB Chi-ju Zhang 0-0: Ball
1-0: Ground out 5-3 (Groundball, 56)
Top of the 3rd over - 0 run(s), 0 hit(s), 0 error(s), 0 left on base; Wizarding 0 - Boston 0
BOTTOM OF THE 3RD
Boston Patriots batting - Pitching for Wizarding Express : RHP Sid Brown
Batting: RHB Brent Ryan 0-0: Called Strike
0-1: Foul Ball, location: 2F
0-2: Ball
1-2: Foul Ball, location: 2F
1-2: Fly out, F8 (Flyball, 78D)
Batting: RHB Tommy Jones 0-0: Swinging Strike
0-1: Ball
1-1: Ball
2-1: Foul Ball, location: 2F
2-2: Ball
3-2: Base on Balls
Batting: LHB Ki-tak Im 0-0: Ball
1-0: Foul Ball, location: 2F
1-1: Called Strike
1-2: Single, Error in OF, E8, batter to second base
Tommy Jones to third
Batting: RHB Miguel Márquez 0-0: Foul Ball, location: 2F
0-1: Fly out, F5 (Line Drive, 56)
Batting: RHB Terry Armstrong 0-0: Ball
1-0: Ball
2-0: Fly out, F9 (Flyball, 9S)
Bottom of the 3rd over - 0 run(s), 1 hit(s), 1 error(s), 2 left on base; Wizarding 0 - Boston 0
TOP OF THE 4TH
Wizarding Express batting - Pitching for Boston Patriots : RHP Jorge Aguirre
Batting: RHB Cole Shaffer 0-0: Swinging Strike
0-1: Swinging Strike
0-2: Ball
1-2: Ball
2-2: Strikes out swinging, 2-3 out at first.
Batting: LHB Nathan Tanner 0-0: Fly out, F8 (Flyball, 8LXD)
Batting: LHB Kyung-chor Pang 0-0: Called Strike
0-1: Ball
1-1: Ball
2-1: Foul Ball, location: 2F
2-2: DOUBLE (Line Drive, 8LXD)
Batting: RHB Ed Whitaker 0-0: Ball
1-0: Foul Ball, location: 2F
1-1: Foul Ball, location: 2F
1-2: Ball
2-2: Fly out, F9 (Flyball, 9LSF)
Top of the 4th over - 0 run(s), 1 hit(s), 0 error(s), 1 left on base; Wizarding 0 - Boston 0
BOTTOM OF THE 4TH
Boston Patriots batting - Pitching for Wizarding Express : RHP Sid Brown
Batting: RHB Karl Schultz 0-0: Ball
1-0: Ball
2-0: SINGLE (Line Drive, 7LS)
Batting: LHB Bill Chambers 0-0: Ball
1-0: Fielders Choice at 2nd, 4-6 (Groundball, 34)
Batting: LHB Timmy Appeldoorn 0-0: Ball
1-0: Foul Ball, location: 2F
1-1: Ball
2-1: Grounds into double play, 4-6-3 (Groundball, 4)
Bottom of the 4th over - 0 run(s), 1 hit(s), 0 error(s), 0 left on base; Wizarding 0 - Boston 0
TOP OF THE 5TH
Wizarding Express batting - Pitching for Boston Patriots : RHP Jorge Aguirre
Batting: LHB Júlio Valentín 0-0: Ball
1-0: Fly out, F9 (Flyball, 9)
Batting: RHB Steve Dunn 0-0: Ball
1-0: Swinging Strike
1-1: SINGLE (Groundball, 3D)
Batting: RHB Rafael Arredondo 0-0: Called Strike
0-1: Foul Ball, location: 2F
0-2: Strikes out swinging
Batting: RHB Wu Le 0-0: Ball
1-0: Fly out, F8 (Flyball, 8LM)
Top of the 5th over - 0 run(s), 1 hit(s), 0 error(s), 1 left on base; Wizarding 0 - Boston 0
BOTTOM OF THE 5TH
Boston Patriots batting - Pitching for Wizarding Express : RHP Sid Brown
Batting: RHB Gabriel Maldonado 0-0: Ball
1-0: Called Strike
1-1: Ball
2-1: Ball
3-1: Called Strike
3-2: Foul Ball, location: 2F
3-2: Fly out, F8 (Flyball, 78S)
Batting: RHB Brent Ryan 0-0: Called Strike
0-1: Ball
1-1: Ball
2-1: Fly out, F7 (Flyball, 78D)
Batting: RHB Tommy Jones 0-0: Foul Ball, location: 2F
0-1: SOLO HOME RUN (Flyball, 78XD), Distance : 414 ft
Batting: LHB Ki-tak Im 0-0: Called Strike
0-1: Ball
1-1: Foul Ball, location: 2F
1-2: Ball
2-2: Foul Ball, location: 2F
2-2: Fly out, F9 (Flyball, 9LM)
Bottom of the 5th over - 1 run(s), 1 hit(s), 0 error(s), 0 left on base; Wizarding 0 - Boston 1
TOP OF THE 6TH
Wizarding Express batting - Pitching for Boston Patriots : RHP Jorge Aguirre
Batting: RHB Chi-ju Zhang 0-0: Swinging Strike
0-1: Swinging Strike
0-2: Ball
1-2: Ball
2-2: Foul Ball, location: 2F
2-2: Fly out, F4 (Popup, 3D)
Batting: RHB Cole Shaffer 0-0: Ball
1-0: Ball
2-0: Called Strike
2-1: Foul Ball, location: 2F
2-2: Fly out, F9 (Flyball, 9LMF)
Batting: LHB Nathan Tanner 0-0: Called Strike
0-1: Called Strike
0-2: Foul Ball, location: 2F
0-2: Ball
1-2: Foul Ball, location: 2F
1-2: Strikes out swinging
Top of the 6th over - 0 run(s), 0 hit(s), 0 error(s), 0 left on base; Wizarding 0 - Boston 1
BOTTOM OF THE 6TH
Boston Patriots batting - Pitching for Wizarding Express : RHP Sid Brown
Batting: RHB Miguel Márquez 0-0: Ball
1-0: Swinging Strike
1-1: Ball
2-1: Ball
3-1: Called Strike
3-2: DOUBLE (Line Drive, 7LM)
Batting: RHB Terry Armstrong 0-0: Ball
1-0: Ball
2-0: Ball
3-0: Base on Balls
Batting: RHB Karl Schultz 0-0: Fielders Choice at 2nd, 6-4 (Groundball, 56)
Miguel Márquez to third
Batting: LHB Bill Chambers 0-0: Ball
1-0: Ball
2-0: Ball
3-0: Called Strike
3-1: SINGLE (Groundball, 56) (infield hit)
Miguel Márquez scores
Karl Schultz to second
Pitching: RHP Travis Carson
Batting: LHB Timmy Appeldoorn 0-0: DOUBLE (Line Drive, 9LS)
Karl Schultz scores
Bill Chambers to third
Batting: RHB Gabriel Maldonado 0-0: Ball
1-0: Ball
2-0: Foul Ball, location: 2F
2-1: Foul Ball, location: 2F
2-2: Ball
3-2: Ground out 6-3 (Groundball, 56)
Batting: RHB Brent Ryan 0-0: Ball
1-0: Ball
2-0: Called Strike
2-1: Ball
3-1: Called Strike
3-2: Foul Ball, location: 2F
3-2: DOUBLE (Line Drive, 7LS)
Bill Chambers scores
Timmy Appeldoorn scores
Batting: RHB Tommy Jones 0-0: Ball
1-0: SINGLE (Popup, 34D)
Brent Ryan to third
Runner from 3rd tries for Home, throw and OUT!
Bottom of the 6th over - 4 run(s), 5 hit(s), 0 error(s), 1 left on base; Wizarding 0 - Boston 5
TOP OF THE 7TH
Wizarding Express batting - Pitching for Boston Patriots : RHP Jorge Aguirre
Batting: LHB Kyung-chor Pang 0-0: Fly out, F3 (Popup, 34)
Batting: RHB Ed Whitaker 0-0: Called Strike
0-1: Fly out, F6 (Line Drive, 6)
Batting: LHB Júlio Valentín 0-0: Ball
1-0: Called Strike
1-1: Foul Ball, location: 2F
1-2: Strikes out swinging
Top of the 7th over - 0 run(s), 0 hit(s), 0 error(s), 0 left on base; Wizarding 0 - Boston 5
BOTTOM OF THE 7TH
Boston Patriots batting - Pitching for Wizarding Express : RHP Travis Carson
Batting: LHB Ki-tak Im 0-0: Called Strike
0-1: SINGLE (Flyball, 78S)
Batting: RHB Miguel Márquez 0-0: Ball
1-0: Foul Ball, location: 2F
1-1: Ball
2-1: Grounds into double play, 6-4-3 (Groundball, 6)
Batting: RHB Terry Armstrong 0-0: Ball
1-0: Called Strike
1-1: Fly out, F9 (Line Drive, 9S)
Bottom of the 7th over - 0 run(s), 1 hit(s), 0 error(s), 0 left on base; Wizarding 0 - Boston 5
TOP OF THE 8TH
Wizarding Express batting - Pitching for Boston Patriots : RHP Jorge Aguirre
Batting: RHB Steve Dunn 0-0: Foul Ball, location: 2F
0-1: Foul Ball, location: 2F
0-2: Ball
1-2: Foul Ball, location: 2F
1-2: SINGLE (Groundball, 56D)
Batting: RHB Rafael Arredondo 0-0: Ball
1-0: Ball
2-0: SINGLE (Popup, 3D)
Steve Dunn to second
Runner from 2nd tries for 3rd, SAFE, throw made to third
Pitching: RHP Jeff Territt
Batting: RHB Wu Le 0-0: Called Strike
0-1: Foul Ball, location: 2F
0-2: Ball
1-2: Grounds into double play, 5-4-3 (Groundball, 5)
Steve Dunn scores
Batting: RHB Chi-ju Zhang 0-0: Swinging Strike
0-1: Called Strike
0-2: Strikes out swinging
Top of the 8th over - 1 run(s), 2 hit(s), 0 error(s), 0 left on base; Wizarding 1 - Boston 5
BOTTOM OF THE 8TH
Boston Patriots batting - Pitching for Wizarding Express : RHP Travis Carson
Batting: RHB Karl Schultz 0-0: Called Strike
0-1: Foul Ball, location: 2F
0-2: Ball
1-2: Ball
2-2: Strikes out swinging
Batting: LHB Bill Chambers 0-0: Ball
1-0: Foul Ball, location: 2F
1-1: Foul Ball, location: 2F
1-2: Ball
2-2: SINGLE (Groundball, 4D)
Batting: LHB Timmy Appeldoorn 0-0: Ball
1-0: Called Strike
1-1: Ground out U3 (Groundball, 3S)
Bill Chambers to second
Batting: RHB Gabriel Maldonado 0-0: Ball
1-0: Called Strike
1-1: Foul Ball, location: 2F
1-2: Ball
2-2: Ball
3-2: Ground out 5-3 (Groundball, 56)
Bottom of the 8th over - 0 run(s), 1 hit(s), 0 error(s), 1 left on base; Wizarding 1 - Boston 5
TOP OF THE 9TH
Wizarding Express batting - Pitching for Boston Patriots : RHP Jeff Territt
Batting: RHB Cole Shaffer 0-0: Called Strike
0-1: Called Strike
0-2: Ground out 6-3 (Groundball, 6S)
Batting: LHB Nathan Tanner 0-0: Ball
1-0: SINGLE (Line Drive, 4)
Batting: LHB Kyung-chor Pang 0-0: Ball
1-0: Ball
2-0: Foul Ball, location: 2F
2-1: SINGLE (Flyball, 9LM)
Nathan Tanner to second
Runner from 2nd tries for 3rd, SAFE, no throw
Pitching: RHP Kirby Brown
Batting: RHB Ed Whitaker 0-0: Swinging Strike
0-1: Called Strike
0-2: Foul Ball, location: 2F
0-2: Strikes out swinging
Batting: LHB Júlio Valentín 0-0: Ball
1-0: Ball
2-0: Ball
3-0: Called Strike
3-1: Called Strike
3-2: Fly out, F8 (Flyball, 8LXD)
Top of the 9th over - 0 run(s), 2 hit(s), 0 error(s), 2 left on base; Wizarding 1 - Boston 5
Monday, March 20th, 2017 - OOTP Baseball 17.12 Build 75